 Dungeon Crawl Stone Soup version 0.31.0-9-g3a7656b989 (webtiles) character file.

Game seed: 13913630280147727321

2066 James the Basher (level 9, -1/65 HPs)
             Began as a Formicid Delver on Jan 24, 2024.
             Was a Priest of Nemelex Xobeh.
             Killed from afar by an electric eel (6 damage)
             ... with a bolt of electricity
             ... in a bailey.
             The game lasted 00:22:38 (8231 turns).

James the Basher (Formicid Delver)                  Turns: 8231, Time: 00:22:39

Health: -1/65      AC:  6    Str: 23    XL:     9   Next: 50%
Magic:  11/11      EV: 11    Int: 11    God:    Nemelex Xobeh [***...]
Gold:   84         SH: 13    Dex: 18    Spells: 8/8 levels left

rFire   . . .        a - +0 flail
rCold   . . .        C - +3 buckler "Jaetroj" {rN+ Str+3 Dex+3}
rNeg    + . .        o - +1 ring mail {rPois}
rPois   +            (helmet unavailable)
rElec   .            (no cloak)
rCorr   .            (no gloves)
SInv    +            (no boots)
Will    .....        K - amulet of reflection
Stlth   +++          (no ring)
HPRegen 0.30/turn    (no ring)
MPRegen 0.12/turn

%: reflection
@: no status effects
A: permanent stasis, dig shafts and tunnels, antennae 3, four strong arms
a: Dig, Renounce Religion, Draw Escape, Draw Destruction, Draw Summoning, Triple
Draw


You were in a bailey.
You worshipped Nemelex Xobeh.
Nemelex Xobeh was most pleased with you.
You visited 1 branch of the dungeon, and saw 7 of its levels.
You also visited: Bailey.

You collected 293 gold pieces.
You spent 209 gold pieces at shops.

Inventory:

Hand Weapons
 a - a +0 flail (weapon)
   (You took it off an orc on level 3 of the Dungeon)
 i - a +0 dagger of speed
   (You found it on level 1 of the Dungeon)
 J - a +3 battleaxe
   (You took it off a wight on level 6 of the Dungeon)
 U - a +2 flail of chaos {!w}
   (You found it on level 4 of the Dungeon)
 W - a +0 sling
   (You found it on level 4 of the Dungeon)
 X - a +0 giant spiked club
   (You took it off an ogre on level 4 of the Dungeon)
 Z - a +0 trident
   (You took it off an orc on level 6 of the Dungeon)
Missiles
 h - 36 stones
 j - 6 boomerangs
 m - 4 javelins
 F - 3 poisoned darts
Armour
 g - a +0 chain mail of cold resistance
   (You found it on level 5 of the Dungeon)
 l - a +0 robe
   (You found it on level 1 of the Dungeon)
 n - a +0 ring mail
   (You took it off a goblin on level 1 of the Dungeon)
 o - a +1 ring mail of poison resistance (worn)
   (You found it on level 2 of the Dungeon)
 p - a +0 ring mail
   (You found it on level 2 of the Dungeon)
 q - a +0 robe
   (You took it off Blork the orc on level 6 of the Dungeon)
 r - a +0 ring mail
   (You found it on level 2 of the Dungeon)
 u - a +0 robe
   (You found it on level 3 of the Dungeon)
 w - a +0 leather armour
   (You took it off an orc on level 3 of the Dungeon)
 y - a +0 scale mail
   (You took it off an orc on level 3 of the Dungeon)
 z - a +0 scale mail
   (You found it on level 3 of the Dungeon)
 A - a +0 ring mail
   (You found it on level 3 of the Dungeon)
 B - a +0 robe
   (You found it on level 4 of the Dungeon)
 C - the +3 buckler "Jaetroj" (worn) {rN+ Str+3 Dex+3}
   (You bought it in a shop on level 7 of the Dungeon)

   Str+3:     It affects your strength (+3).
   Dex+3:     It affects your dexterity (+3).
   rN+:       It protects you from negative energy.
 E - a +0 tower shield
   (You found it on level 4 of the Dungeon)
 G - a +0 leather armour
   (You found it on level 4 of the Dungeon)
 H - a +0 robe
   (You took it off a wight on level 6 of the Dungeon)
 I - +0 steam dragon scales
   (You found it on level 7 of the Dungeon)
 L - a +0 ring mail
   (You took it off an orc on level 5 of the Dungeon)
 M - a +0 robe
   (You found it on level 5 of the Dungeon)
 N - a +0 robe
   (You took it off a wight on level 6 of the Dungeon)
 O - a +0 chain mail
   (You found it on level 5 of the Dungeon)
 Q - a +0 robe
   (You took it off a wight on level 6 of the Dungeon)
 R - a +0 leather armour
   (You took it off Eustachio on level 5 of the Dungeon)
 T - a +0 scale mail
   (You found it on level 4 of the Dungeon)
 Y - a +0 robe of willpower
   (You took it off Sigmund on level 4 of the Dungeon)
Magical Staves
 t - a staff of death
   (You found it on level 2 of the Dungeon)
Jewellery
 K - an amulet of reflection (around neck)
   (You found it on level 4 of the Dungeon)
Wands
 v - a wand of digging (3)
Scrolls
 c - a scroll of fog
 d - 3 scrolls of revelation
 k - a scroll of fear
 s - a scroll of noise {unknown}
 x - 2 scrolls of immolation {unknown}
 P - a scroll of poison
Potions
 b - a potion of curing {unknown}
 e - 3 potions of degeneration {!q}
 f - 3 potions of resistance
 D - a potion of mutation {unknown}
 S - 3 potions of brilliance
 V - a potion of enlightenment


   Skills:
 - Level 4.0 Fighting
 + Level 10.4 Maces & Flails
 - Level 4.0 Armour
 - Level 2.0 Dodging
 - Level 6.0 Stealth
 + Level 3.8 Shields
 - Level 3.0 Invocations


You had 8 spell levels left.
You didn't know any spells.
Your spell library contained the following spells:

 Spells                   Type           Power      Damage    Failure   Level
 Mercury Vapours          Alch/Air       0%         N/A       69%         2
 Fugue of the Fallen      Necr           0%         N/A       89%         3
 Mephitic Cloud           Conj/Alch/Air  0%         N/A       89%         3
 Ozocubu's Armour         Ice            0%         N/A       89%         3
 Manifold Assault         Tloc           0%         N/A       100%        4
 Freezing Cloud           Conj/Ice/Air   0%         6-21      100%        5


Dungeon Overview and Level Annotations

Branches:
Dungeon (7/15)             Temple (0/1) D:4          Bailey (1/1)

Altars:
Ashenzari
Fedhas
Kikubaaqudgha
Nemelex Xobeh
Vehumet
Wu Jian
Yredelemnul
The Shining One

Shops:
D:7 ([

Annotations:
D:6 Jeremiah
D:7 3 runed translucent doors, chuckiee3's ghost, novice MiFi


Innate Abilities, Weirdness & Mutations

You cannot be hasted, slowed, berserked, paralysed or teleported.
You can dig through walls and to a lower floor.
You have a pair of large antennae on your head. (SInv)
Your four strong arms can wield two-handed weapons with a shield.


Message History

You thump the electric eel! You completely miss the electric eel.
The electric eel shoots out a bolt of lightning at you!
The bolt of electricity hits you!
You barely miss the electric eel. You hit the electric eel.
The electric eel shoots out a bolt of lightning at you!
The bolt of electricity hits you.
You closely miss the electric eel.
The electric eel shoots out a bolt of lightning at you!
The bolt of electricity hits you!
* * * LOW HITPOINT WARNING * * *
You hit the electric eel. You sock the electric eel!
You kill the electric eel!
You start resting.
You start waiting.
Done waiting.
Why would you want to do that? Why would you want to do that?
Why would you want to do that? Why would you want to do that?
Why would you want to do that? Why would you want to do that?
Why would you want to do that?
You enter the shallow water.
Moving in this stuff is going to be slow.
An electric eel comes into view.
You enter the shallow water.
Moving in this stuff is going to be slow.
The electric eel shoots out a bolt of lightning at you!
The bolt of electricity hits you!
The electric eel shoots out a bolt of lightning at you!
The bolt of electricity hits you!
The electric eel shoots out a bolt of lightning at you!
The bolt of electricity hits you.
The electric eel shoots out a bolt of lightning at you!
The bolt of electricity hits you!
* * * LOW HITPOINT WARNING * * *
The electric eel shoots out a bolt of lightning at you!
The bolt of electricity hits you!
* * * LOW HITPOINT WARNING * * *
An electric eel comes into view.
The electric eel shoots out a bolt of lightning at you!
The bolt of electricity hits you!
* * * LOW HITPOINT WARNING * * *
The electric eel shoots out a bolt of lightning at you!
The bolt of electricity hits you.
You die...
Your body glows slightly and disappears.

#≈≈≈≈≈# {
#≈≈S≈≈# #≈≈≈≈≈#{
#≈≈≈≈≈#
#≈≈≈≈≈###
#≈S≈≈≈~.#
######.≈≈≈≈~.#
#......≈≈≈≈~.#
###..@...≈≈≈≈~.#
#..............+
{ {
#∩..∩..........+
#..............+
{
###......≈≈≈≈~.#
#......≈≈≈≈~.#
######.≈≈≈≈~.#
#≈≈≈≈≈~.#
#≈≈≈≈≈###


You could see an electric eel.

Vanquished Creatures
  Sigmund (D:4)
  Eustachio (D:5)
  A steam dragon (D:7)
  3 ice beasts
  2 black bears
  An ogre (D:4)
  A phantom (D:5)
  Blork the orc (D:6)
  2 necrophages (D:4)
  3 wights (D:6)
  An electric eel (Bailey)
  A bullfrog zombie (D:4)
  5 hounds
  A bombardier beetle (D:4)
  A human zombie (D:4)
  An iguana (D:4)
  Natasha (thrice) (D:4)
  An orc wizard (D:6)
  A scorpion zombie (D:4)
  A mummy (D:5)
  2 howler monkey zombies (D:4)
  4 gnolls (D:5)
  3 adders
  A shadow imp (D:4)
  2 ufetubi
  3 adder zombies (D:4)
  An adder skeleton (D:4)
  A ribbon worm (D:2)
  3 dart slugs
  15 orcs
  8 endoplasms
  3 giant cockroaches
  10 goblins
  8 hobgoblins
  6 quokkas
  8 ball pythons
  3 bats
  3 frilled lizards
  2 goblin zombies (D:5)
  4 kobolds
  8 rats
130 creatures vanquished.

Notes
Turn   | Place    | Note
-------+----------+-------------------------------------------
     0 | D:5      | James the Formicid Delver began the quest for the Orb.
     0 | D:5      | Reached XP level 1. HP: 18/18 MP: 1/1
    36 | D:4      | Noticed Edmund
    43 | D:3      | Found a sparkling altar of Nemelex Xobeh.
    61 | D:3      | Became a worshipper of Nemelex Xobeh the Trickster
   149 | D:1      | Reached XP level 2. HP: 23/24 MP: 2/2
   273 | D:1      | Found a faded altar of an unknown god.
   334 | D:1      | Noticed a felid
   334 | D:1      | Noticed an armataur
   336 | D:1      | Noticed a vampire
   336 | D:1      | Noticed an elf
   338 | D:1      | Noticed a formicid
   338 | D:1      | Noticed a minotaur
   340 | D:1      | Noticed an octopode
   344 | D:1      | Noticed a spriggan
   344 | D:1      | Noticed a troll
   346 | D:1      | Noticed a demonspawn
   346 | D:1      | Noticed a ghoul
   348 | D:1      | Noticed a vine stalker
   348 | D:1      | Noticed a naga
   350 | D:1      | Noticed a gargoyle
   350 | D:1      | Noticed a demigod
   352 | D:1      | Noticed an oni
   354 | D:1      | Noticed a draconian
   354 | D:1      | Noticed a merfolk
   356 | D:1      | Noticed a tengu
   356 | D:1      | Noticed a human
   358 | D:1      | Noticed a djinni
   424 | D:1      | Reached skill level 3 in Maces & Flails
   537 | D:1      | Reached XP level 3. HP: 29/29 MP: 3/3
  1091 | D:2      | Reached * piety under Nemelex Xobeh
  1097 | D:2      | Found a glowing golden altar of the Shining One.
  1374 | D:2      | Reached skill level 4 in Maces & Flails
  1374 | D:2      | Reached XP level 4. HP: 26/35 MP: 4/4
  1758 | D:3      | Found a basalt altar of Yredelemnul.
  2013 | D:3      | Received a gift from Nemelex Xobeh
  2627 | D:4      | Noticed an ogre
  2684 | D:4      | Reached ** piety under Nemelex Xobeh
  2693 | D:4      | Reached skill level 5 in Maces & Flails
  2693 | D:4      | Reached XP level 5. HP: 29/41 MP: 5/5
  2883 | D:4      | Found a broken altar of Ashenzari.
  2919 | D:4      | Noticed Sigmund
  3417 | D:5      | Found a blossoming altar of Fedhas.
  3431 | D:5      | Noticed an ice beast
  3455 | D:5      | HP: 2/41 [ice beast (10)]
  3456 | D:5      | Killed an ice beast
  3457 | D:5      | Reached XP level 6. HP: 3/47 MP: 6/6
  3648 | D:5      | Noticed Eustachio
  3668 | D:4      | Noticed Natasha
  3679 | D:4      | Killed Natasha
  3693 | D:4      | Noticed Natasha
  3701 | D:4      | Killed Natasha
  3794 | D:5      | Found an ornate altar of the Wu Jian Council.
  3852 | D:5      | Noticed an ice beast
  3939 | D:5      | Reached skill level 6 in Maces & Flails
  3997 | D:5      | Received a gift from Nemelex Xobeh
  4018 | D:5      | Reached XP level 7. HP: 15/52 MP: 7/7
  4084 | D:4      | Noticed Natasha
  4093 | D:4      | Killed Natasha
  4250 | D:5      | Killed Eustachio
  4251 | D:5      | Reached skill level 7 in Maces & Flails
  4917 | D:4      | Found a staircase to the Ecumenical Temple.
  5017 | D:4      | Edmund changed into Edmund the frilled lizard
  5017 | D:4      | Noticed Edmund
  5020 | D:4      | Killed Edmund the frilled lizard
  5030 | D:4      | Reached XP level 8. HP: 47/58 MP: 8/8
  5046 | D:4      | Reached skill level 8 in Maces & Flails
  5125 | D:4      | Found an ancient bone altar of Kikubaaqudgha.
  5493 | D:4      | Killed Sigmund
  5494 | D:4      | Reached skill level 9 in Maces & Flails
  5495 | D:4      | HP: 2/58 [ogre/+0 giant spiked club (33)]
  5857 | D:4      | Found a broken altar of Ashenzari.
  6009 | D:4      | Found a staircase to the Ecumenical Temple.
  6076 | D:4      | Found an ancient bone altar of Kikubaaqudgha.
  6242 | D:6      | Reached skill level 1 in Armour
  6261 | D:5      | Reached skill level 1 in Invocations
  6560 | D:6      | Reached *** piety under Nemelex Xobeh
  6580 | D:6      | Reached XP level 9. HP: 5/65 MP: 10/10
  6797 | D:6      | Noticed Blork the orc
  6803 | D:6      | Killed Blork the orc
  7119 | D:6      | Noticed Jeremiah
  7518 | D:7      | Reached skill level 10 in Maces & Flails
  7550 | D:7      | Found Icyqiaz's Antique Armour Boutique.
  7558 | D:7      | Bought a transparent buckler for 209 gold pieces
  7558 | D:7      | Identified the +3 buckler "Jaetroj" {rN+ Str+3 Dex+3} (You
                  | bought it in a shop on level 7 of the Dungeon)
  7596 | D:7      | Found Nukajoip's Weapon Boutique.
  7642 | D:7      | Found a radiant altar of Vehumet.
  7710 | D:7      | Found a runed translucent gate.
  7711 | D:7      | Found a runed translucent gate.
  7711 | D:7      | Noticed chuckiee3's ghost (novice MiFi)
  7712 | D:7      | Found a runed translucent gate.
  7713 | D:7      | Identified the +1 plate armour of the Alphagorgon {rElec
                  | Str+3}
  7823 | D:7      | Found a flagged portal.
  7841 | Bailey   | Entered a bailey
  8231 | Bailey   | Killed from afar by an electric eel

Illustrated notes

Levels and vault maps discovered:
D:1:      kb_arrival_jail, layout_loops_ring, shapermc_ecumenical_altar_ellora
D:2:      layout_loops_ring, basic_altar
D:3:      layout_basic, lemuel_tele_altar, nicolae_overflow_crystal_walls,
          minmay_misc_feat_cross, minmay_misc_feat_iff
D:4:      layout_loops_ring, mainiacjoe_overflow_surrounded_room,
          lemuel_mausoleum_altar_kikubaaqudgha, minmay_temple_entry_junction_2,
          serial_library_hellmonk_semicircle, uniq_sigmund, uniq_edmund,
          uniq_natasha
D:5:      layout_cave_pools, nicolae_wu_jian_wuxing_cycle, fedhas_altar_2,
          nicolae_ossuary_entry_giza, dreamdust_gnoll_farm, uniq_eustachio
D:6:      layout_cave_pools, nrook_loot_triangle, kennysheep_decorative_pillar,
          amcnicky_mini_pool_medium, uniq_blork_the_orc, uniq_jeremiah
D:7:      layout_rooms, mainiacjoe_overflow_swirl, enter_bailey_2, serial_shops,
          shop, shop, biasface_ghost_orc_armoury
Bailey:   bailey_axe_of_yendor_kennysheep, bailey

Skill      XL: |  1  2  3  4  5  6  7  8  9 |
---------------+----------------------------+-----
Maces & Flails | 3 4 5 6 7 9 10 | 10.4
Shields        | 2 3 |  3.8
Armour         | 2 4 |  4.0
Dodging        | 2 |  2.0
Invocations    | 2 3 |  3.0
Fighting       | 4 |  4.0
Stealth        | |  6.0

Action                     |  1- 3 |  4- 6 |  7- 9 || total
---------------------------+-------+-------+-------++-------
  Melee: Mace              |    93 |    35 |       ||   128
         Flail             |       |   152 |   280 ||   432
         Punch             |       |       |     5 ||     5
 Invoke: Draw Destruction  |       |       |     7 ||     7
         Draw Escape       |       |       |     1 ||     1
    Use: Scroll            |       |     1 |    10 ||    11
         Potion            |       |     1 |       ||     1
   Stab: Sleeping          |     3 |    10 |     3 ||    16
 Armour: Chain mail        |    36 |       |       ||    36
         Ring mail         |    12 |   138 |   169 ||   319
  Dodge: Dodged            |    44 |    79 |   118 ||   241
  Block: Tower shield      |       |    93 |       ||    93
         Other             |       |     7 |    46 ||    53
         Reflection        |       |       |     3 ||     3
         Buckler           |       |       |    28 ||    28
